 Dungeon Crawl Stone Soup version 0.22.1-1-ga44c0e5 (webtiles) character file.

11978 Velaskes the Cleaver (level 11, -30/99 HPs)
             Began as a Minotaur Fighter on Nov 1, 2018.
             Was an Elder of Trog.
             Killed from afar by a frost giant (42 damage)
             ... with a bolt of cold
             ... on level 10 of the Dungeon on Nov 2, 2018.
             The game lasted 00:40:21 (10621 turns).

Velaskes the Cleaver (Minotaur Fighter)            Turns: 10621, Time: 00:40:22

Health: -30/99     AC: 14    Str: 24    XL:     11   Next: 56%
Magic:  10/10      EV: 11    Int:  5    God:    Trog [****..]
Gold:   275        SH: 12    Dex: 10    Spells: 10/10 levels left

rFire    . . .     SeeInvis .   a - +2 war axe
rCold    . . .     Gourm    .   c - +0 shield
rNeg     . . .     Faith    .   b - +0 scale mail
rPois    .         Spirit   .   (helmet restricted)
rElec    .         Reflect  .   p - +0 cloak
rCorr    .         Harm     .   x - +0 pair of gloves
MR       .....                  h - +2 pair of boots
Stlth    ..........             (no amulet)
HPRegen  0.26/turn              (no ring)
MPRegen  0.12/turn              (no ring)

@: slowed, very slow
A: retaliatory headbutt, horns 2
a: Berserk, Trog's Hand, Brothers in Arms, Renounce Religion


You were on level 10 of the Dungeon.
You worshipped Trog.
Trog was greatly pleased with you.
You were hungry.

You visited 1 branch of the dungeon, and saw 10 of its levels.
You also visited: Ossuary.

You collected 372 gold pieces.
You spent 97 gold pieces at shops.

Inventory:

Hand Weapons
 a - a +2 war axe (weapon)
 n - a +0 blowgun
Missiles
 o - 32 poisoned needles
Armour
 b - a +0 scale mail (worn)
 c - a +0 shield (worn)
 h - a +2 pair of boots (worn)
 p - a +0 cloak (worn)
 x - a +0 pair of gloves (worn)
Jewellery
 E - an uncursed ring of see invisible {unknown}
Wands
 d - a wand of random effects (49)
 s - a wand of flame (17)
 u - a wand of disintegration (9)
 J - a wand of enslavement (10)
Scrolls
 e - 6 scrolls of teleportation {unknown}
 g - 3 scrolls of blinking
 j - 9 scrolls of identify
 m - 2 scrolls of fog
 t - 3 scrolls of remove curse {unknown}
 v - a scroll of random uselessness {unknown}
 y - 4 scrolls of amnesia {unknown}
 z - 3 scrolls of immolation {unknown}
 A - 5 scrolls of enchant armour {unknown}
 B - a scroll of fear
 C - a scroll of holy word {unknown}
 F - a scroll of torment {unknown}
 H - a scroll of vulnerability {unknown}
Potions
 i - a potion of agility
 k - a potion of might
 l - 3 potions of resistance {unknown}
 q - a potion of lignification {unknown}
 r - a potion of flight {unknown}
 w - 10 potions of curing
 D - a potion of mutation {unknown}
 G - a potion of heal wounds
Comestibles
 f - 4 rations
 I - 2 chunks of flesh


   Skills:
 + Level 9.6 Fighting
 + Level 13.4 Axes
 + Level 9.7 Armour
 + Level 5.9 Dodging
 + Level 1.7 Stealth
 + Level 10.4 Shields
 + Level 0.1 Evocations


You had 10 spell levels left.
You didn't know any spells.
Your spell library was empty.

Dungeon Overview and Level Annotations

Branches:
Dungeon (10/15)            Temple (0/1) D:7            Lair (0/6) D:8
    Orc: D:9-12

Altars:
Elyvilon
Hepliaklqana
Makhleb
Trog
Uskayaw
Wu Jian
Yredelemnul
Zin

Shops:
D:4 ?   D:6 }


Innate Abilities, Weirdness & Mutations

You reflexively headbutt those who attack you in melee.
You have a pair of horns on your head.


Message History

A frost giant comes into view. It is wielding a battleaxe of freezing.
The frost giant shouts!
Found 17 gold pieces.
The frost giant points at you and mumbles some strange words.
The bolt of cold hits you!
You swap places.
You are feeling hungry.
Your ogre disappears in a puff of smoke!
You fail to use your ability.
The frost giant gestures at you while chanting.
The bolt of cold hits you!
Your ogre goes berserk!
You feel somewhat more hungry. Trog will no longer gift you weapons.
The frost giant points at you and mumbles some strange words.
The bolt of cold hits you!
* * * LOW HITPOINT WARNING * * *
The frost giant points at you and mumbles some strange words.
The bolt of cold hits you!
You die...

#..##...........# #.
##†############.### #.
#.†.#.$.# #...######.
#...#...+ #...)......
#...#...# #.......##.
#...##..# #..#######.
##..##.C# #..........
#..###.########.########
#..#.##@O....##.# #
##.'..##...(.##.# #
#.#...###.(.##.# #
####)#####(##..#
#.......(.####
###.)..(.(# ####..(.#
######


You could see a frost giant and a friendly ogre (berserk).

Vanquished Creatures
  2 two-headed ogres (D:10)
  A wizard (D:10)
  An unseen horror (D:10)
  Pikel (D:3)
  Joseph (D:8)
  A troll (D:10)
  A hornet (D:8)
  3 hippogriffs
  Sigmund (D:5)
  6 yaks
  A hungry ghost (D:8)
  Edmund (D:5)
  Duvessa (D:4)
  3 water moccasins
  A porcupine (D:8)
  A necrophage (D:8)
  2 phantoms
  A sky beast (D:9)
  3 ice beasts
  An orc warrior (D:7)
  An eye of draining (D:9)
  5 ogres
  7 centaurs
  A crocodile (D:8)
  2 elf zombies (Ossuary)
  10 bullfrogs
  A wyvern zombie (D:6)
  Dowan (D:4)
  3 scorpions
  8 killer bees
  13 wights
  4 crimson imps
  2 hounds (D:7)
  A quasit (D:8)
  4 centaur zombies
  2 orc wizards
  3 orc priests
  2 jellies
  2 bullfrog skeletons
  A centaur skeleton (D:8)
  An iron imp (D:7)
  Natasha (thrice) (D:4 D:3)
  3 worker ants
  A killer bee zombie (D:9)
  2 mummies (Ossuary)
  17 adders
  5 shadow imps
  4 adder zombies (Ossuary)
  4 worms
  4 dart slugs
  7 leopard geckos
  20 orcs
  5 bats
  4 giant cockroaches
  2 gnoll zombies (D:3)
  6 goblins
  5 hobgoblins
  16 jackals
  9 kobolds
  3 quokkas
  7 frilled lizards
  7 hobgoblin zombies (Ossuary)
  2 jackal zombies (Ossuary)
  10 kobold zombies (Ossuary)
  2 leopard gecko skeletons
  8 orc zombies (Ossuary)
  3 quokka zombies
  7 rats
  2 rat zombies
  A fungus (D:8)
276 creatures vanquished.

Vanquished Creatures (collateral kills)
  A hydra (D:10)
  A deep elf archer (D:10)
  A manticore (D:10)
3 creatures vanquished.

Vanquished Creatures (others)
  A worm (D:4)
  5 fungi (D:8)
6 creatures vanquished.

Grand Total: 285 creatures vanquished

Notes
Turn   | Place    | Note
-------+----------+-------------------------------------------
     0 | D:1      | Velaskes the Minotaur Fighter began the quest for the Orb.
     0 | D:1      | Reached XP level 1. HP: 19/19 MP: 0/0
   112 | D:1      | Reached XP level 2. HP: 25/27 MP: 1/1
   797 | D:2      | Reached XP level 3. HP: 33/33 MP: 2/2
   896 | D:2      | Found a bloodstained altar of Trog.
   901 | D:2      | Became a worshipper of Trog the Wrathful
  1079 | D:2      | Reached skill level 3 in Axes
  1602 | D:3      | Reached XP level 4. HP: 40/40 MP: 3/3
  1630 | D:3      | Found a white marble altar of Elyvilon.
  2347 | D:3      | Found a basalt altar of Yredelemnul.
  2432 | D:3      | Reached * piety under Trog
  2802 | D:4      | Noticed an ogre
  2812 | D:4      | Killed an ogre
  2812 | D:4      | Reached skill level 4 in Axes
  2812 | D:4      | Reached skill level 5 in Shields
  2812 | D:4      | Reached XP level 5. HP: 23/47 MP: 4/4
  2993 | D:4      | Noticed Duvessa
  2993 | D:4      | Noticed Dowan
  3015 | D:4      | Killed Duvessa
  3015 | D:4      | Reached skill level 1 in Dodging
  3015 | D:4      | Reached XP level 6. HP: 49/53 MP: 5/5
  3035 | D:4      | Killed Dowan
  3035 | D:4      | Reached skill level 5 in Axes
  3261 | D:4      | Noticed Natasha
  3266 | D:4      | Killed Natasha
  3273 | D:4      | Reached skill level 5 in Fighting
  3273 | D:4      | Reached skill level 5 in Armour
  3447 | D:4      | Noticed Pikel
  3447 | D:4      | Noticed a slave
  3447 | D:4      | Noticed a slave
  3447 | D:4      | Noticed a slave
  3447 | D:4      | Noticed a slave
  3480 | D:4      | Noticed Natasha
  3759 | D:3      | Killed Natasha
  3759 | D:3      | Reached XP level 7. HP: 38/61 MP: 6/6
  3772 | D:3      | Noticed Natasha
  3779 | D:3      | Killed Natasha
  3899 | D:3      | Killed Pikel
  3899 | D:3      | Reached skill level 6 in Axes
  3899 | D:3      | Reached XP level 8. HP: 42/70 MP: 7/7
  4351 | D:4      | Found Gyleh's Magic Scroll Shoppe.
  4354 | D:4      | Bought a scroll of enchant weapon for 97 gold pieces
  4633 | D:5      | Entered Level 5 of the Dungeon
  4764 | D:5      | Reached skill level 7 in Axes
  4814 | D:5      | Noticed Edmund
  4825 | D:5      | Killed Edmund
  4930 | D:5      | Noticed Sigmund
  4937 | D:5      | Killed Sigmund
  4937 | D:5      | Reached skill level 8 in Axes
  4977 | D:5      | Reached ** piety under Trog
  5241 | D:6      | Found an ornate altar of the Wu Jian Council.
  5332 | D:6      | Found Kialoz's Gadget Emporium.
  5431 | D:6      | Reached XP level 9. HP: 78/78 MP: 8/8
  5462 | D:6      | Reached skill level 1 in Stealth
  5521 | D:6      | Found a burning altar of Makhleb.
  5524 | D:6      | Noticed a green death
  5525 | D:6      | Found a glowing silver altar of Zin.
  5528 | D:6      | Noticed an angel
  5588 | D:6      | Reached skill level 9 in Axes
  6246 | D:7      | Found a staircase to the Ecumenical Temple.
  6675 | D:7      | Reached skill level 10 in Axes
  7279 | D:7      | Found a hide-covered altar of Uskayaw.
  7281 | D:7      | Found a hazy altar of Hepliaklqana.
  7457 | D:8      | Paralysed by a hornet for 1 turns
  7461 | D:8      | Reached *** piety under Trog
  7587 | D:8      | Reached XP level 10. HP: 53/88 MP: 9/9
  7696 | D:8      | Found a staircase to the Lair.
  7929 | D:8      | Reached skill level 11 in Axes
  8077 | D:8      | Noticed Joseph
  8093 | D:8      | Killed Joseph
  8159 | D:8      | Found a sand-covered staircase.
  8188 | Ossuary  | Entered an ossuary
  8234 | Ossuary  | Reached **** piety under Trog
  8802 | D:8      | Reached skill level 12 in Axes
  8986 | D:9      | Reached ***** piety under Trog
  9447 | D:9      | Reached skill level 5 in Dodging
  9544 | D:9      | Reached XP level 11. HP: 84/95 MP: 10/10
  9638 | D:10     | Entered Level 10 of the Dungeon
 10205 | D:10     | Killed an unseen horror
 10265 | D:10     | Noticed a two-headed ogre
 10275 | D:10     | Killed a two-headed ogre
 10275 | D:10     | Reached skill level 13 in Axes
 10275 | D:10     | Reached skill level 10 in Shields
 10335 | D:10     | Noticed a two-headed ogre
 10348 | D:10     | Killed a two-headed ogre
 10515 | D:10     | Noticed a seven-headed hydra
 10520 | D:10     | Killed a ten-headed hydra
 10546 | D:10     | Noticed a wizard
 10560 | D:10     | Killed a wizard
 10577 | D:10     | Noticed a deep elf archer
 10595 | D:10     | Killed a deep elf archer
 10617 | D:10     | Noticed a frost giant
 10621 | D:10     | Killed from afar by a frost giant

Skill      XL: |  1  2  3  4  5  6  7  8  9 10 11 |
---------------+----------------------------------+-----
Shields        | 4 5 6 7 8 9 10 | 10.4
Fighting       | 4 5 6 7 8 9 |  9.6
Armour         | 4 5 6 7 8 9 |  9.7
Axes           | 3 4 5 6 8 10 12 13 | 13.4
Dodging        | 1 2 4 5 |  5.9
Stealth        | 1 |  1.7
Evocations     | |  0.1

Action                   |  1- 3 |  4- 6 |  7- 9 | 10-12 || total
-------------------------+-------+-------+-------+-------++-------
Melee: War axe           |   104 |   133 |   237 |   354 ||   828
       Headbutt          |    14 |    25 |    57 |    69 ||   165
Invok: Brothers in Arms  |       |       |       |     3 ||     3
       Trog's Hand       |       |       |       |     1 ||     1
Evoke: Wand              |       |     1 |       |       ||     1
  Use: Potion            |     6 |     4 |       |     1 ||    11
       Scroll            |     3 |     2 |     2 |       ||     7
  Eat: Ration            |     1 |     2 |     3 |     3 ||     9
       Chunk             |       |     1 |       |     4 ||     5
Armor: Scale mail        |    53 |    52 |    92 |   174 ||   371
Dodge: Dodged            |    29 |    32 |    95 |   128 ||   284
Block: Shield            |    78 |    71 |   134 |   182 ||   465
